Map: Monobattle LotV - Kimeran Refuge

Players

ballsofsteel

  • Race: Protoss Protoss

Grumm

  • Race: Protoss Protoss
  • League: Gold

TrevLar

  • Race: Terran Terran
  • League: Platinum

Zmej

  • Race: Protoss Protoss
  • League: Gold

CannonLord - Winner!

  • Race: Protoss Protoss

ChuckNorris - Winner!

  • Race: Protoss Protoss

Kenshin - Winner!

  • Race: Zerg Zerg
  • League: Diamond

SniperRNC - Winner!

  • Race: Zerg Zerg
  • League: Master

VOD

Have the link to the VOD?

Description

Time

  • Played on: Feb. 10, 2016, 1:39 a.m.
  • Length: 8:11
Show
View Real Time Build Order
Export as new Build Order

ballsofsteel Protoss 

Build Orders:  

Get SALT Encoding   

  6  0:01  Probe (Chrono Boost)  
  13  0:16  Probe (Chrono Boost)  
  14  0:31  Pylon, Probe (Chrono Boost)  
  15  0:56  Probe (Chrono Boost)  
  16  1:09  Gateway  
  16  1:12  Forge  
  16  1:22  Pylon  
  16  1:24  Probe (Chrono Boost)  
  17  1:38  Assimilator  
  17  1:44  Assimilator  
  17  1:51  Probe (Chrono Boost)  
  18  2:21  Cybernetics Core  
  18  2:22  Photon Cannon  
  18  2:33  Photon Cannon  
  18  2:36  Pylon  
  18  2:56  Probe (Chrono Boost)  
  19  3:11  Probe (Chrono Boost)  
  19  3:14  Nexus  
  20  3:43  Stargate  
  20  4:08  Pylon x2  
  20  4:20  Mothership Core (Chrono Boost)  
  22  4:54  Void Ray (Chrono Boost)  
  26  5:02  Probe (Chrono Boost)  
  26  5:04  Probe (Chrono Boost)  
  28  5:22  Pylon  
  28  5:35  Probe  
  28  5:37  Probe  
  30  5:41  Pylon  
  30  5:43  Pylon  
  30  6:04  Pylon  
  34  6:09  Void Ray (Chrono Boost)  
  32  6:36  Photon Cannon  
  32  6:44  Photon Cannon  
  31  7:02  Photon Cannon  
  31  7:07  Probe  
  29  7:09  Probe  
  31  7:21  Void Ray (Chrono Boost)  
  35  7:30  Probe  
  35  7:31  Photon Cannon  
  36  7:51  Probe  
  36  7:53  Photon Cannon  
  36  7:58  Probe  
  38  8:06  Probe  
  39  8:37  Void Ray (Chrono Boost)  
  43  9:27  Mothership Core  
  43  9:44  Probe, Photon Cannon  
  43  9:45  Photon Cannon  
  44  9:49  Photon Cannon  
  44  9:50  Void Ray (Chrono Boost)  
  44  9:57  Probe  
  33  10:20  Pylon  
Show
View Real Time Build Order
Export as new Build Order

Grumm Protoss 

Build Orders: Double Forge, Nexus First 

Get SALT Encoding   

  12  0:53  Nexus  
  12  1:06  Pylon  
  12  1:35  Probe (Chrono Boost)  
  13  1:41  Forge  
  13  1:53  Gateway  
  13  1:59  Probe (Chrono Boost)  
  14  2:09  Pylon  
  14  2:29  Photon Cannon  
  14  2:32  Probe (Chrono Boost)  
  14  2:36  Probe (Chrono Boost)  
  16  2:47  Probe (Chrono Boost)  
  17  3:01  Cybernetics Core  
  17  3:06  Probe (Chrono Boost)  
  18  3:21  Photon Cannon  
  18  3:33  Probe (Chrono Boost)  
  19  3:47  Pylon  
  19  4:20  Probe (Chrono Boost)  
  20  4:31  Forge  
  20  4:34  Probe (Chrono Boost)  
  20  4:35  Probe (Chrono Boost)  
  21  4:39  Assimilator  
  20  4:49  Probe (Chrono Boost)  
  19  5:22  Photon Cannon  
  19  5:25  Photon Cannon  
  19  5:26  Photon Cannon  
  19  5:32  Photon Cannon  
  19  5:46  Pylon  
  19  5:48  Probe (Chrono Boost)  
  20  6:03  Pylon  
  20  6:19  Photon Cannon  
  20  6:30  Photon Cannon  
  41  6:48  Probe (Chrono Boost)  
  20  6:49  Probe (Chrono Boost)  
  20  6:56  Assimilator  
  20  7:12  Pylon  
  20  7:18  Assimilator  
  20  7:19  Assimilator  
  20  7:20  Probe x2 (Chrono Boost)  
  22  7:35  Probe (Chrono Boost)  
  23  8:12  Photon Cannon  
  23  8:17  Photon Cannon  
  23  8:27  Pylon  
  23  8:35  Stargate  
  23  8:38  Pylon  
  23  9:01  Cybernetics Core  
  23  9:03  Probe (Chrono Boost)  
  24  9:40  Fleet Beacon  
  24  9:46  Probe (Chrono Boost)  
  25  10:07  Stargate  
Show
View Real Time Build Order
Export as new Build Order

TrevLar Terran 

Build Orders: 1/1/1 

Get SALT Encoding   

  6  0:01  SCV  
  13  0:18  SCV  
  14  0:25  Refinery  
  14  0:36  Supply Depot  
  14  0:40  SCV  
  15  0:58  Refinery  
  15  1:06  SCV  
  16  1:16  Barracks  
  16  1:23  SCV  
  17  1:40  SCV  
  18  1:57  SCV  
  19  2:13  Supply Depot  
  19  2:15  SCV  
  20  2:25  Factory  
  20  2:39  Orbital Command  
  20  3:25  Barracks Tech Lab  
  20  3:26  Factory Tech Lab  
  20  3:29  Starport  
  20  3:36  Starport  
  20  3:49  SCV  
  21  4:08  SCV  
  22  4:10  Supply Depot  
  22  4:30  Banshee  
  22  5:03  Banshee  
  22  5:05  SCV  
  26  5:26  SCV  
  26  5:48  Starport Tech Lab  
  21  6:04  SCV  
  14  6:20  Banshee x2  
  14  6:21  SCV  
  21  6:38  SCV  
  18  6:55  SCV  
  18  7:14  SCV  
  19  7:36  SCV  
  20  7:50  Cloaking Field  
  20  7:58  SCV  
  18  8:21  SCV  
  17  8:38  SCV  
  17  8:55  SCV  
  12  9:40  SCV  
  13  9:57  SCV  
Show
View Real Time Build Order
Export as new Build Order

Zmej Protoss 

Build Orders: Nexus First 

Get SALT Encoding   

  6  0:01  Probe (Chrono Boost)  
  13  0:33  Probe (Chrono Boost)  
  14  0:48  Probe (Chrono Boost)  
  15  1:08  Nexus  
  15  1:22  Pylon  
  15  1:36  Assimilator  
  15  1:42  Assimilator  
  15  1:47  Probe (Chrono Boost)  
  16  2:04  Forge  
  16  2:17  Pylon  
  16  2:19  Probe (Chrono Boost)  
  17  2:34  Probe (Chrono Boost)  
  17  2:48  Probe (Chrono Boost)  
  19  2:55  Gateway  
  19  2:59  Probe (Chrono Boost)  
  19  3:03  Probe (Chrono Boost)  
  21  3:14  Probe (Chrono Boost)  
  21  3:18  Probe (Chrono Boost)  
  23  3:29  Probe (Chrono Boost)  
  23  3:33  Probe (Chrono Boost)  
  23  3:35  Pylon  
  25  3:44  Probe (Chrono Boost)  
  26  3:59  Assimilator  
  26  4:04  Assimilator  
  26  4:10  Cybernetics Core, Probe x2 (Chrono Boost)  
  28  4:26  Probe (Chrono Boost)  
  28  4:27  Probe (Chrono Boost)  
  30  4:41  Probe x2 (Chrono Boost)  
  32  4:56  Probe (Chrono Boost)  
  33  5:01  Mothership Core (Chrono Boost)  
  35  5:09  Pylon  
  35  5:18  Robotics Facility  
  35  5:27  Photon Cannon  
  35  5:35  Photon Cannon  
  35  5:38  Probe x2 (Chrono Boost)  
  37  5:54  Probe x2 (Chrono Boost)  
  39  6:00  Robotics Facility  
  39  6:09  Probe (Chrono Boost)  
  39  6:15  Probe (Chrono Boost)  
  41  6:24  Probe (Chrono Boost)  
  42  6:29  Probe (Chrono Boost)  
  42  6:33  Warp Prism  
  46  6:39  Probe (Chrono Boost)  
  46  6:42  Robotics Bay  
  46  6:44  Probe (Chrono Boost)  
  47  6:53  Probe (Chrono Boost)  
  48  7:13  Probe x2 (Chrono Boost)  
  50  7:35  Probe (Chrono Boost), Photon Cannon  
  50  7:36  Probe (Chrono Boost)  
  58  8:04  Pylon  
  58  8:13  Probe x2 (Chrono Boost)  
  58  8:15  Pylon  
  60  8:27  Photon Cannon  
  60  8:29  Colossus (Chrono Boost)  
  60  8:37  Nexus  
  65  9:01  Extended Thermal Lance  
  54  9:33  Mothership Core  
  54  9:38  Robotics Facility  
  45  9:41  Robotics Facility  
  44  9:52  Colossus (Chrono Boost)  
Show
View Real Time Build Order
Export as new Build Order

CannonLord Protoss - Winner!

Build Orders: 1 Gate Expand 

Get SALT Encoding   

  6  0:05  Probe (Chrono Boost)  
  13  0:23  Probe (Chrono Boost)  
  14  0:32  Pylon  
  14  1:00  Probe (Chrono Boost)  
  14  1:04  Gateway  
  15  1:09  Assimilator  
  15  1:14  Probe (Chrono Boost)  
  16  1:29  Probe (Chrono Boost)  
  17  1:51  Nexus  
  17  1:56  Probe (Chrono Boost)  
  18  2:23  Probe (Chrono Boost)  
  19  2:29  Cybernetics Core  
  19  2:39  Forge  
  19  2:52  Assimilator  
  19  3:29  Stargate  
  19  3:46  Probe (Chrono Boost)  
  20  3:54  Probe (Chrono Boost)  
  21  4:01  Probe (Chrono Boost)  
  21  4:08  Probe (Chrono Boost)  
  23  4:16  Probe (Chrono Boost)  
  24  4:23  Probe (Chrono Boost)  
  24  4:24  Assimilator  
  25  4:29  Assimilator  
  25  4:38  Mothership Core (Chrono Boost)  
  27  4:40  Void Ray (Chrono Boost)  
  31  4:54  Probe  
  32  5:08  Probe  
  32  5:14  Protoss Air Weapons Level 1  
  33  5:23  Probe  
  33  5:27  Probe  
  35  5:38  Probe  
  35  5:44  Probe  
  37  5:56  Probe  
  38  6:16  Pylon  
  38  6:30  Pylon  
  38  6:35  Pylon  
  38  6:38  Stargate, Probe  
  38  6:41  Probe  
  38  6:42  Void Ray (Chrono Boost)  
  44  6:53  Probe  
  43  7:08  Probe  
  45  7:17  Probe  
  47  7:23  Probe  
  48  7:34  Void Ray (Chrono Boost)  
  52  7:45  Probe  
  53  7:59  Probe  
  53  8:05  Nexus  
  54  8:09  Assimilator, Probe  
  54  8:11  Protoss Air Armor Level 1  
  54  8:14  Assimilator, Probe  
  54  8:18  Pylon  
  56  8:19  Fleet Beacon  
  56  8:47  Void Ray (Chrono Boost)  
  64  8:50  Void Ray (Chrono Boost)  
  64  9:02  Probe  
  65  9:17  Probe  
  70  9:39  Void Ray (Chrono Boost)  
  70  9:46  Robotics Facility  
  70  10:12  Probe  
  71  10:27  Probe  
  75  10:32  Void Ray (Chrono Boost)  
  76  10:42  Probe  
  77  10:57  Probe  
Show
View Real Time Build Order
Export as new Build Order

ChuckNorris Protoss - Winner!

Build Orders:  

Get SALT Encoding   

  6  0:02  Probe (Chrono Boost)  
  13  0:17  Probe (Chrono Boost)  
  14  0:32  Probe (Chrono Boost)  
  15  0:49  Pylon  
  15  1:14  Gateway, Probe (Chrono Boost)  
  15  1:17  Gateway  
  16  1:28  Gateway  
  16  1:36  Probe (Chrono Boost)  
  17  1:52  Gateway  
  17  2:01  Pylon  
  17  2:20  Zealot (Chrono Boost)  
  17  2:27  Zealot (Chrono Boost)  
  23  2:40  Zealot (Chrono Boost)  
  23  2:58  Zealot (Chrono Boost)  
  27  3:03  Zealot (Chrono Boost)  
  27  3:06  Pylon  
  27  3:25  Zealot (Chrono Boost)  
  27  3:26  Zealot (Chrono Boost)  
  25  4:35  Zealot (Chrono Boost)  
  33  4:40  Zealot (Chrono Boost)  
  33  4:41  Zealot x2 (Chrono Boost)  
  33  4:45  Pylon  
  29  5:08  Zealot (Chrono Boost)  
  31  5:18  Zealot x2 (Chrono Boost)  
  37  5:19  Zealot (Chrono Boost)  
  37  5:41  Zealot (Chrono Boost)  
  35  5:56  Zealot x2 (Chrono Boost)  
  35  5:57  Zealot (Chrono Boost)  
  37  6:14  Zealot (Chrono Boost)  
  35  6:34  Zealot x2 (Chrono Boost)  
  35  6:35  Zealot (Chrono Boost)  
  39  6:47  Zealot (Chrono Boost)  
  39  7:12  Zealot x2 (Chrono Boost)  
  39  7:13  Zealot (Chrono Boost)  
  37  7:20  Zealot (Chrono Boost)  
  35  7:50  Zealot x2 (Chrono Boost)  
  35  7:53  Zealot (Chrono Boost)  
  35  7:57  Zealot (Chrono Boost)  
  37  8:26  Zealot (Chrono Boost)  
  37  8:28  Zealot x2 (Chrono Boost)  
  39  8:35  Zealot (Chrono Boost)  
  35  8:59  Zealot (Chrono Boost)  
  35  9:06  Zealot x2 (Chrono Boost)  
  43  9:12  Zealot (Chrono Boost)  
  58  9:38  Zealot (Chrono Boost)  
  45  9:41  Assimilator  
  45  9:42  Assimilator  
  45  9:44  Zealot (Chrono Boost)  
  45  9:45  Cybernetics Core  
  47  10:02  Zealot (Chrono Boost)  
  45  10:24  Zealot (Chrono Boost)  
  43  10:33  Zealot (Chrono Boost)  
  43  10:38  Zealot (Chrono Boost)  
  47  10:42  Nexus  
Show
View Real Time Build Order
Export as new Build Order

Kenshin Zerg - Winner!

Build Orders: 3 Hatch before Pool 

Get SALT Encoding   

  12  0:15  Drone  
  12  0:18  Overlord  
  13  0:25  Drone  
  14  0:44  Drone  
  14  0:46  Drone  
  16  1:00  Drone  
  17  1:22  Drone  
  17  1:24  Hatchery  
  17  1:30  Drone  
  18  1:43  Extractor  
  17  1:51  Drone  
  18  2:06  Hatchery  
  17  2:09  Drone  
  18  2:29  Spawning Pool  
  18  2:34  Drone  
  18  2:39  Drone  
  18  2:45  Drone  
  20  3:01  Drone  
  21  3:11  Drone  
  22  3:30  Drone x2  
  22  3:31  Drone  
  22  3:37  Lair  
  25  3:41  Drone  
  26  3:53  Drone x3  
  26  3:54  Extractor  
  28  4:02  Drone x2  
  30  4:09  Drone  
  30  4:14  Queen  
  33  4:21  Drone  
  33  4:23  Overlord x2  
  34  4:32  Overlord  
  34  4:48  Queen  
  36  4:54  Evolution Chamber  
  36  4:58  Evolution Chamber, Hydralisk Den  
  34  4:59  Drone x2  
  34  5:00  Drone x2  
  34  5:02  Drone  
  38  5:12  Queen  
  38  5:15  Drone  
  38  5:16  Drone  
  42  5:19  Drone  
  42  5:21  Drone  
  42  5:28  Drone, Spore Crawler  
  43  5:33  Drone x2  
  43  5:37  Zerg Missile Weapons Level 1  
  46  5:48  Drone x2  
  48  5:53  Extractor  
  48  5:54  Extractor  
  46  6:01  Drone  
  46  6:02  Extractor  
  46  6:03  Extractor  
  46  6:04  Drone, Muscular Augments  
  46  6:06  Drone x4  
  50  6:12  Zerg Ground Armor Level 1  
  50  6:21  Overlord  
  50  6:22  Overlord  
  50  6:35  Drone x3, Overlord  
  53  6:47  Hydralisk x2  
  57  6:51  Hydralisk  
  57  6:57  Hydralisk x2  
  63  7:01  Hydralisk  
  65  7:09  Hydralisk  
  65  7:14  Overlord x2  
  67  7:22  Hydralisk  
  67  7:23  Hydralisk  
  71  7:30  Overlord x4  
  71  7:35  Drone  
  71  7:36  Drone  
  73  7:44  Overseer  
  73  7:47  Burrow  
  73  7:51  Drone  
  73  7:58  Overseer  
  74  8:04  Pneumatized Carapace  
  74  8:05  Hydralisk  
  74  8:06  Hydralisk  
  78  8:15  Hydralisk  
  78  8:16  Hydralisk x2  
  84  8:28  Hydralisk  
  86  8:29  Hydralisk x2  
  86  8:35  Overlord  
  86  8:36  Drone, Overlord  
  86  8:37  Drone  
  92  8:42  Hydralisk  
  94  8:54  Hydralisk x3  
  100  8:59  Hydralisk  
  102  9:13  Hydralisk x2  
  104  9:37  Hydralisk x7  
  116  9:57  Overlord  
  116  9:59  Drone x4  
  120  10:29  Hydralisk x6  
  120  10:38  Hydralisk x2  
  136  10:51  Hydralisk  
Show
View Real Time Build Order
Export as new Build Order

SniperRNC Zerg - Winner!

Build Orders: Hatch First 

Get SALT Encoding   

  6  0:02  Drone  
  13  0:17  Overlord  
  13  0:26  Drone  
  14  0:44  Drone x2  
  16  0:49  Drone  
  17  1:18  Drone  
  18  1:20  Hatchery  
  18  1:23  Drone  
  18  1:34  Drone  
  19  1:47  Spawning Pool  
  18  1:51  Drone  
  19  2:04  Drone  
  20  2:18  Drone  
  21  2:33  Drone  
  22  2:50  Overlord, Extractor  
  21  3:02  Drone  
  21  3:06  Drone  
  23  3:10  Hatchery  
  23  3:14  Queen  
  24  3:20  Queen  
  24  3:23  Drone  
  24  3:27  Drone  
  28  3:34  Drone  
  28  3:36  Drone  
  30  3:45  Drone  
  31  3:50  Drone  
  32  4:01  Drone  
  32  4:04  Drone  
  34  4:14  Lair  
  34  4:15  Drone  
  34  4:18  Drone  
  36  4:19  Extractor  
  36  4:24  Extractor  
  36  4:25  Extractor  
  33  4:30  Drone  
  33  4:35  Drone  
  35  4:47  Overlord  
  35  4:57  Drone  
  35  4:58  Queen  
  38  5:06  Drone x3  
  38  5:08  Drone  
  42  5:11  Overlord x2  
  42  5:16  Drone x2  
  44  5:30  Overlord  
  44  5:38  Drone x2  
  45  5:39  Drone x2  
  45  5:40  Hydralisk Den  
  45  5:43  Drone  
  45  5:44  Drone, Overseer  
  49  5:52  Pneumatized Carapace  
  49  6:08  Drone  
  50  6:10  Drone  
  50  6:17  Drone  
  50  6:18  Drone x5  
  55  6:25  Drone  
  55  6:26  Drone  
  59  6:29  Drone  
  59  6:31  Drone  
  59  6:33  Drone  
  59  6:37  Drone  
  63  6:39  Drone  
  63  6:41  Drone, Muscular Augments  
  63  6:42  Drone  
  63  6:44  Drone  
  63  6:47  Drone  
  68  6:48  Drone  
  68  6:54  Drone x2  
  68  6:55  Drone  
  72  6:59  Drone, Extractor  
  72  7:01  Extractor  
  72  7:03  Overlord  
  72  7:07  Overlord  
  71  7:10  Drone  
  72  7:24  Overlord x2  
  72  7:36  Hydralisk  
  72  7:37  Hydralisk x5  
  84  7:48  Hydralisk x3  
  88  7:50  Hydralisk  
  92  8:00  Hydralisk  
  92  8:01  Hydralisk x2  
  98  8:16  Hydralisk x4  
  106  8:20  Overlord x2  
  106  8:31  Evolution Chamber x2  
  106  8:38  Hydralisk  
  106  8:45  Overlord x2  
  106  8:48  Hatchery  
  105  8:50  Hydralisk  
  105  8:51  Hydralisk  
  109  9:11  Hydralisk  
  109  9:12  Hydralisk x5  
  109  9:16  Overlord  
  121  9:35  Hydralisk x4  
  129  9:51  Hydralisk x4  
  129  9:58  Hydralisk x3  
  139  10:18  Hydralisk x2  
  133  10:19  Hydralisk x4  
  139  10:40  Hydralisk x4  
  139  10:41  Hydralisk x2  
  149  10:54  Drone  
  149  10:55  Drone x4  
Tags
 
Add a new tag
Caveats
  • Supply blocks, unpowered buildings, or Contaminate may cause inaccurate times.
  • Supply counts are checked every 10 seconds.